 Dungeon Crawl Stone Soup version 0.30-b1-2-g02819fbbbe (webtiles) character file.

Game seed: 9762093524426225377

564 sanka the Martial Artist (level 7, -10/57 HPs)
             Began as a Meteoran Monk on May 13, 2023.
             Mangled by Prince Ribbit (17 damage)
             ... on level 5 of the Dungeon.
             The game lasted 00:10:05 (2330 turns).

sanka the Martial Artist (Meteoran Monk)            Turns: 2330, Time: 00:10:06

Health: -10/57     AC:  5    Str: 16    XL:     7   Next: 90%
Magic:  8/8        EV: 13    Int: 11    God:
Gold:   107        SH:  0    Dex: 16    Spells: 6/6 levels left

rFire   + .          .
                       - Unarmed
rCold   . . .        c - orb {light}
rNeg    . . .        a - +0 robe
rPois   .            q - +0 helmet
rElec   .            e - +0 cloak
rCorr   .            (no gloves)
SInv    .            o - +0 pair of boots
Will    .....        (no amulet)
Stlth   +            j - ring of protection from fire
HPRegen 0.29/turn    (no ring)
MPRegen 0.11/turn

%: no passive effects
@: glowing
A: sense surroundings 1, otherworldly, glowing, explore regen
a: no special abilities


You were on level 5 of the Dungeon.
You visited 1 branch of the dungeon, and saw 5 of its levels.

You collected 107 gold pieces.

Inventory:

Missiles
 p - a throwing net {=f}
Armour
 a - a +0 robe (worn)
 c - an orb of light (worn)
 e - a +0 cloak (worn)
 o - a +0 pair of boots (worn)
 q - a +0 helmet (worn)
Jewellery
 g - a ring of fire
 j - a ring of protection from fire (left hand)
Wands
 k - a wand of flame (5)
 s - a wand of polymorph (5)
Scrolls
 d - a scroll of magic mapping {unknown}
 h - a scroll of blinking {unknown}
 l - a scroll of identify {unknown}
 m - 2 scrolls of fear {unknown}
 n - a scroll of fog {unknown}
 r - a scroll of vulnerability {unknown}
 u - a scroll of poison {unknown}
 x - a scroll of amnesia {unknown}
Potions
 b - a potion of ambrosia
 f - a potion of flight {unknown}
 i - a potion of degeneration {unknown}
 v - a potion of cancellation {unknown}
 w - a potion of mutation {unknown}
 z - a potion of curing {@q1}
 A - a potion of heal wounds {unknown}


   Skills:
 - Level 3.2 Fighting
 - Level 3.6 Dodging
 + Level 9.8 Unarmed Combat


You had 6 spell levels left.
You didn't know any spells.
Your spell library was empty.

Dungeon Overview and Level Annotations

Branches:
Dungeon (5/15) Zot: 691
 Temple: D:4-7

Altars:

Annotations:
D:3 Eustachio
D:4 3 runed translucent doors, Chingon's ghost, novice MiBe
D:5 Prince Ribbit


Innate Abilities, Weirdness & Mutations

You passively map a small area around you.
You are easily found by Zot.
You glow in the dark.
You regain HP and MP as you explore.


Message History

The water moccasin is heavily wounded.
The water moccasin bites you.
You hit the water moccasin.
The water moccasin is heavily wounded.
The water moccasin closely misses you.
Unknown command.
You punch the water moccasin!
The water moccasin is almost dead.
The water moccasin bites you.
Unknown command.
You punch the water moccasin!
You kill the water moccasin!
Unknown command.
You see here a water moccasin corpse.
Unknown command.
As you open the door, it creaks loudly!
Prince Ribbit and an ufetubus come into view.
Prince Ribbit croaks.
The ufetubus shouts!
The ufetubus closely misses you.
The ufetubus hits you but does no damage.
Prince Ribbit hits you! The ufetubus misses you. The ufetubus hits you.
There is an open door, spattered with blood here.
Prince Ribbit hits you.
Aiming: Paralyse
Press: ? - help, Shift-Dir - straight line, f - Prince Ribbit
Aim: Prince Ribbit (haloed, chance to affect: 31%) Prince Ribbit easily resists.
Prince Ribbit hits you!
Aiming: Paralyse
Press: ? - help, Shift-Dir - straight line, f/p - Prince Ribbit
Aim: Prince Ribbit (haloed, chance to affect: 31%) Prince Ribbit easily resists.
Prince Ribbit hits you!
Aiming: Paralyse
Press: ? - help, Shift-Dir - straight line, f/p - Prince Ribbit
Aim: Prince Ribbit (haloed, chance to affect: 31%) Prince Ribbit easily resists.
The now-empty wand crumbles to dust.
Prince Ribbit hops awkwardly around.
Prince Ribbit hits you!
* * * LOW HITPOINT WARNING * * *
Prince Ribbit hits you!
You die...

...............####+###
...............#......# ,
..........'....#......#,
..........#....#......# ,
..........#....#......#..,
..........#....#.........,
...†......#.##.#.5......#
.....######†##.##F##*
.....#..........@..#
.....#.............#
.....#.............#
.....#.............#
.....#.............#
.....#.............#
.....#.............#
.....#########################
.##'###.....##......#....#...#


You could see Prince Ribbit and an ufetubus.

Vanquished Creatures
  A water moccasin (D:5)
  2 centaurs (D:5)
  2 scorpions
  A sleepcap (D:3)
  An iguana (D:5)
  4 gnolls
  3 adders (D:3)
  A shadow imp (D:5)
  4 orcs (D:3)
  6 endoplasms
  2 giant cockroaches
  2 goblins
  4 hobgoblins
  4 kobolds
  4 ball pythons
  7 bats
  3 frilled lizards
  10 rats
61 creatures vanquished.

Notes
Turn   | Place    | Note
-------+----------+-------------------------------------------
     0 | D:1      | sanka the Meteoran Monk began the quest for the Orb.
     0 | D:1      | Reached XP level 1. HP: 19/19 MP: 2/2
   219 | D:1      | Reached skill level 4 in Unarmed Combat
   224 | D:1      | Reached XP level 2. HP: 12/26 MP: 3/3
   287 | D:1      | Found a faded altar of an unknown god.
   502 | D:1      | Glimpsed the power of Zot.
   699 | D:2      | Reached XP level 3. HP: 31/31 MP: 4/4
  1103 | D:2      | Glimpsed the power of Zot.
  1153 | D:2      | Glimpsed the power of Zot.
  1236 | D:3      | Reached skill level 5 in Unarmed Combat
  1276 | D:2      | Reached XP level 4. HP: 18/38 MP: 5/5
  1580 | D:3      | Reached skill level 6 in Unarmed Combat
  1693 | D:3      | Reached XP level 5. HP: 35/45 MP: 6/6
  1708 | D:3      | Glimpsed the power of Zot.
  1750 | D:4      | Noticed Eustachio
  1750 | D:4      | Found a runed translucent gate.
  1750 | D:4      | Found a runed translucent gate.
  1750 | D:4      | Found a runed translucent gate.
  1789 | D:4      | Reached skill level 7 in Unarmed Combat
  1793 | D:4      | Noticed Chingon's ghost (novice MiBe)
  1892 | D:3      | Reached XP level 6. HP: 19/51 MP: 7/7
  2145 | D:5      | Entered Level 5 of the Dungeon
  2177 | D:5      | Reached skill level 8 in Unarmed Combat
  2222 | D:5      | Noticed a centaur
  2224 | D:5      | Noticed a centaur
  2229 | D:5      | Killed a centaur
  2230 | D:5      | Reached XP level 7. HP: 43/57 MP: 8/8
  2236 | D:5      | Reached skill level 9 in Unarmed Combat
  2311 | D:5      | Noticed a water moccasin
  2318 | D:5      | Killed a water moccasin
  2325 | D:5      | Noticed Prince Ribbit
  2330 | D:5      | Mangled by Prince Ribbit

Illustrated notes

Levels and vault maps discovered:
D:1:      roderic_octagonal_star, layout_loops_ring,
          ebering_ecumenical_altar_webs, minmay_ruptured
D:2:      layout_basic
D:3:      layout_basic
D:4:      layout_loops_cross, gammafunk_ghost_split, uniq_eustachio
D:5:      layout_gridville, minmay_temple_entry_glassed_door, kennysheep_boxes,
          uniq_prince_ribbit1

Skill      XL: |  1  2  3  4  5  6  7 |
---------------+----------------------+-----
Unarmed Combat | 4 5 6 7 8 9 |  9.8
Fighting       | |  3.2
Dodging        | |  3.6

Action                     |  1- 3 |  4- 6 |  7- 9 || total
---------------------------+-------+-------+-------++-------
  Melee: Unarmed           |    67 |   121 |    20 ||   208
  Evoke: Wand              |       |     7 |     5 ||    12
 Armour: Robe              |    11 |    46 |     7 ||    64
  Dodge: Dodged            |    32 |    76 |    14 ||   122
